 Dungeon Crawl Stone Soup version 0.14-a0-1974-gdb6e453 (webtiles) character file.

29 Piginabag the Insei (level 2, -1/18 HPs)
             Began as an Octopode Transmuter on Jan 18, 2014.
             Slain by a hobgoblin
             ... wielding a +0,+0 orcish club
              (2 damage)
             ... on Level 1 of the Dungeon.
             The game lasted 00:00:15 (195 turns).

Piginabag the Insei (Octopode Transmuter)            Turns: 195, Time: 00:00:15

HP  -1/18        AC  1     Str  9      XL: 2   Next: 50%
MP   2/4         EV 12     Int 15      God:
Gold 14          SH  0     Dex 12      Spells:  1 memorised,  4 levels left

rFire  . . .     SeeInvis .       - Unarmed
rCold  . . .     Clarity  .     (no shield)
rNeg   . . .     Conserve .     (helmet restricted)
rPois  .         rCorr    .     (no amulet)
rElec  .         rRot     .     (no ring)
SustAb . .       Spirit   .     (no ring)
rMut   .         Warding  .     (no ring)
Saprov . . .     Stasis   .     (no ring)
MR     .....                    (no ring)
                                (no ring)
                                (no ring)
                                (no ring)

@: appendage, very slightly contaminated, not resistant to hostile enchantments,
fairly stealthy
A: almost no armour, amphibious, 8 rings, constrict 8, spike 3, camouflage 1,
gelatinous body 1
a: End Transformation


You were on level 1 of the Dungeon.
You were not hungry.
One of your tentacles had a temporary spike.
You visited 1 branch of the dungeon, and saw 1 of its levels.

You collected 14 gold pieces.

Inventory:

Missiles
 b - 12 arrows
Comestibles
 a - a bread ration
 f - a pear
 g - a choko
Potions
 c - a potion of curing {unknown}
 e - a potion of cure mutation {unknown}
 h - a potion of heal wounds {unknown}
Books
 d - a book of Changes

   Spells                             Type                      Level
   *Beastly Appendage                 Transmutation                1
   Sticks to Snakes                   Transmutation                2
   Spider Form                        Transmutation/Poison         3
   Ice Form                           Ice/Transmutation            4
   Blade Hands                        Transmutation                5


   Skills:
 + Level 1.0 Fighting
 + Level 2.2 Dodging
 + Level 0.4 Stealth
 + Level 3.3 Unarmed Combat
 + Level 2.0 Spellcasting
 + Level 2.2 Transmutations


You had 4 spell levels left.
You knew the following spells:

 Your Spells              Type           Power        Failure   Level  Hunger
a - Beastly Appendage     Trmt           #.....       12%         1    #......


Dungeon Overview and Level Annotations

Branches:
Dungeon (1/16)

Altars:


Innate Abilities, Weirdness & Mutations

You cannot wear most types of armour.
You are amphibious.
You can wear up to eight rings at the same time.
You can use your tentacles to constrict many enemies at once.
Your skin changes colour to match your surroundings (Stlth).
Your rubbery body absorbs attacks (AC +1).
One of your tentacles bears a large vicious spike.


Message History

You squeeze the jackal, but do no damage.
The jackal is severely wounded.
The jackal closely misses you. The jackal barely misses you.
You hit the jackal.
You kill the jackal!
You hit the hobgoblin but do no damage. Your grab misses the hobgoblin.
Your tentacle spike misses the hobgoblin.
The hobgoblin hits you with an orcish club.
* * * LOW HITPOINT WARNING * * *
You are too injured to fight recklessly!
You are too injured to fight recklessly!
You are too injured to fight recklessly!
You hit the hobgoblin. Your grab misses the hobgoblin.
The hobgoblin is moderately wounded.
The hobgoblin misses you.
You hit the hobgoblin. Your grab misses the hobgoblin.
You pierce the hobgoblin.
The hobgoblin is almost dead.
The hobgoblin hits you with an orcish club.
You die...

... ## #.... #..
h. #.... #.# #.##
#.... # #.. ..#
#.... #.#.# #.#
#.... #.#.#
#.######.#.# #.%.#
#........#.# #g#
#......###.#
#@#####......###.#
#.................
######............
#........#...
#........#.#.
#...........
##########. .


You could see a hobgoblin.

Vanquished Creatures
  A giant gecko (D:1)
  3 goblins (D:1)
  A hobgoblin (D:1)
  3 jackals (D:1)
  A giant cockroach (D:1)
  4 giant newts (D:1)
  A rat (D:1)
14 creatures vanquished.

Notes
Turn   | Place    | Note
--------------------------------------------------------------
     0 | D:1      | Piginabag, the Octopode Transmuter, began the quest for the Orb.
     0 | D:1      | Reached XP level 1. HP: 13/13 MP: 3/3
   127 | D:1      | Reached XP level 2. HP: 16/18 MP: 2/4
   195 | D:1      | Slain by a hobgoblin

Action                   || total
-------------------------++-------
Melee: Unarmed           ||    25
 Cast: Beastly Appendage ||     6
 Stab: Sleeping          ||     3
       Distracted        ||     1
